General information
- name: BNet
- type: Ladder team game (AT/RT)
- host: Battle.net
- saver: iMlCRO
map: Deadlock
- players: 8
- length: 17:50
- speed: Fast
- version: 1.24 W3XP
- replay type: Public
» download(174 KB)
Players
team 1 (winner)

»
FatalError8 (
yellow | 77 APM | 1367 actions | 17:44)
7 Death Knight
3 Death Coil
3 Unholy Aura
1 Animate Dead
» actions
| Assign group hotkey | 14 | |
| Basic commands | 90 | |
| Build / train | 50 | |
| Enter build submenu | 20 | |
| Enter hero's abilities submenu | 7 | |
| Give item / drop item | 1 | |
| Right click | 370 | |
| Select / deselect | 151 | |
| Select group hotkey | 612 | |
| Use ability | 52 | |
1367 total
» units
| Acolyte | 7 | |
| Ghoul | 4 | |
| Crypt Fiend | 4 | |
| Obsidian Statue | 1 | |
| Frost Wyrm | 8 | |
24 total
» upgrades
| Creature Attack | 3 | |
| Web | 1 | |
| Burrow | 1 | |
| Creature Carapace | 2 | |
| Freezing Breath | 1 | |
8 total
» buildings
| Ziggurat | 9 | |
| Altar of Darkness | 1 | |
| Graveyard | 1 | |
| Crypt | 1 | |
| Tomb of Relics | 1 | |
| Nerubian Tower | 2 | |
| Halls of the Dead | 1 | |
| Slaughterhouse | 1 | |
| Black Citadel | 1 | |
| Sacrificial Pit | 1 | |
| Boneyard | 3 | |
| Spirit Tower | 3 | |
25 total
» build order
00:11 Ziggurat
00:14 Altar of Darkness
00:37 Graveyard
00:49 Crypt
01:11 Tomb of Relics
01:45 Ziggurat
01:55 Nerubian Tower
03:51 Halls of the Dead
04:07 Ziggurat
07:15 Ziggurat
07:16 Ziggurat
07:18 Ziggurat
07:30 Slaughterhouse
07:36 Black Citadel
07:45 Sacrificial Pit
08:40 Ziggurat
10:14 Boneyard
10:16 Nerubian Tower
10:17 Spirit Tower
10:18 Spirit Tower
11:13 Boneyard
11:16 Boneyard
14:03 Ziggurat
14:10 Ziggurat
15:50 Spirit Tower
» items
| Rod of Necromancy | 1 | |
| Scroll of Town Portal | 1 | |
| Orb of Corruption | 1 | |
3 total

»
iMlCRO (
pink | 111 APM | 1981 actions | 17:50)
6 Keeper of the Grove
3 Entangling Roots
2 Thorns Aura
1 Tranquility
» actions
| Assign group hotkey | 40 | |
| Basic commands | 27 | |
| Build / train | 46 | |
| ESC pressed | 3 | |
| Enter build submenu | 10 | |
| Enter hero's abilities submenu | 6 | |
| Right click | 1296 | |
| Select / deselect | 186 | |
| Select group hotkey | 321 | |
| Use ability | 46 | |
1981 total
» units
» upgrades
| Strength of the Moon | 2 | |
| Moon Armor | 1 | |
| Ultravision | 1 | |
| Sentinel | 1 | |
5 total
» buildings
| Altar of Elders | 1 | |
| Moon Well | 4 | |
| Hunter's Hall | 1 | |
| Ancient of War | 2 | |
| Tree of Ages | 1 | |
| Tree of Life | 1 | |
| Tree of Eternity | 1 | |
11 total
» build order
00:06 Altar of Elders
00:17 Moon Well
01:40 Hunter's Hall
01:42 Ancient of War
02:01 Ancient of War
02:17 Moon Well
03:28 Moon Well
04:59 Moon Well
09:33 Tree of Ages
12:41 Tree of Life
15:04 Tree of Eternity
» items

»
THE_MOoN_DRAGON (
teal | 128 APM | 2275 actions | 17:44)
5 Blademaster
3 Wind Walk
2 Critical Strike
3 Shadow Hunter
1 Hex
2 Healing Wave
» actions
| Assign group hotkey | 184 | |
| Basic commands | 4 | |
| Build / train | 64 | |
| ESC pressed | 1 | |
| Enter build submenu | 15 | |
| Enter hero's abilities submenu | 8 | |
| Remove unit from queue | 2 | |
| Right click | 1386 | |
| Select / deselect | 224 | |
| Select group hotkey | 327 | |
| Use ability | 60 | |
2275 total
» units
| Peon | 7 | |
| Grunt | 6 | |
| Shaman | 7 | |
| Tauren | 6 | |
26 total
» upgrades
| Berserker Strength | 1 | |
| Armor | 3 | |
| Shaman Training | 2 | |
| Pulverize | 1 | |
| Melee Weapons | 2 | |
| Spirit Walker Training | 1 | |
10 total
» buildings
| Altar of Storms | 1 | |
| Orc Burrow | 7 | |
| Barracks | 1 | |
| Voodoo Lounge | 1 | |
| Stronghold | 1 | |
| War Mill | 1 | |
| Fortress | 1 | |
| Spirit Lodge | 1 | |
| Tauren Totem | 2 | |
16 total
» build order
00:08 Altar of Storms
00:20 Orc Burrow
00:37 Barracks
01:38 Orc Burrow
02:01 Voodoo Lounge
03:28 Stronghold
04:23 Orc Burrow
05:20 War Mill
06:30 Fortress
07:46 Spirit Lodge
09:44 Tauren Totem
09:52 Tauren Totem
11:06 Orc Burrow
11:08 Orc Burrow
11:24 Orc Burrow
11:28 Orc Burrow
» items
| Boots of Speed | 1 | |
| Dust of Appearance | 1 | |
| Healing Salve | 4 | |
| Potion of Healing | 1 | |
| Lesser Clarity Potion | 3 | |
| Scroll of Speed | 1 | |
| Orb of Lightning | 1 | |
12 total
telasponcho227 (
green | 41 APM | 728 actions | 17:44)
3 Warden
2 Shadow Strike
1 Blink
1 Keeper of the Grove
1 Entangling Roots
» actions
| Basic commands | 30 | |
| Build / train | 74 | |
| Enter build submenu | 20 | |
| Enter hero's abilities submenu | 4 | |
| Give item / drop item | 1 | |
| Remove unit from queue | 2 | |
| Right click | 258 | |
| Select / deselect | 291 | |
| Use ability | 48 | |
728 total
» units
| Wisp | 27 | |
| Huntress | 6 | |
| Druid of the Talon | 5 | |
| Dryad | 8 | |
| Chimaera | 3 | |
| Hippogryph | 5 | |
54 total
» upgrades
| Strength of the Wild | 2 | |
| Sentinel | 1 | |
| Abolish Magic | 1 | |
| Reinforced Hides | 2 | |
| Corrosive Breath | 1 | |
7 total
» buildings
| Moon Well | 8 | |
| Altar of Elders | 1 | |
| Hunter's Hall | 1 | |
| Ancient of War | 1 | |
| Ancient Protector | 1 | |
| Tree of Ages | 1 | |
| Ancient of Lore | 1 | |
| Ancient of Wind | 2 | |
| Ancient of Wonders | 1 | |
| Tree of Life | 1 | |
| Tree of Eternity | 1 | |
| Chimaera Roost | 3 | |
22 total
» build order
00:21 Moon Well
00:49 Altar of Elders
00:58 Hunter's Hall
01:32 Moon Well
01:55 Ancient of War
02:14 Moon Well
02:34 Ancient Protector
04:09 Tree of Ages
05:54 Moon Well
06:33 Ancient of Lore
06:37 Ancient of Wind
06:55 Ancient of Wonders
07:32 Moon Well
09:28 Tree of Life
10:04 Tree of Eternity
12:36 Chimaera Roost
12:37 Chimaera Roost
12:39 Chimaera Roost
13:24 Moon Well
13:28 Moon Well
13:33 Moon Well
15:12 Ancient of Wind
» items
| Moonstone | 1 | |
| Scroll of Town Portal | 1 | |
| Lesser Clarity Potion | 1 | |
3 total
team 2 (loser)

»
HungLikeAChamp (
blue | 101 APM | 1786 actions | 17:43)
3 Archmage
2 Summon Water Elemental
1 Brilliance Aura
1 Mountain King
1 Storm Bolt
2 Paladin
1 Holy Light
1 Divine Shield
» actions
| Assign group hotkey | 51 | |
| Basic commands | 145 | |
| Build / train | 101 | |
| ESC pressed | 2 | |
| Enter build submenu | 19 | |
| Enter hero's abilities submenu | 6 | |
| Right click | 594 | |
| Select / deselect | 261 | |
| Select group hotkey | 488 | |
| Use ability | 119 | |
1786 total
» units
| Peasant | 22 | |
| Footman | 13 | |
| Mortar Team | 2 | |
| Knight | 3 | |
| Siege Engine | 5 | |
45 total
» upgrades
| Defend | 1 | |
| Lumber Harvesting | 2 | |
| Fragmentation Shards | 1 | |
| Barrage | 1 | |
| Animal War Training | 1 | |
| Masonry | 1 | |
7 total
» buildings
| Altar of Kings | 1 | |
| Barracks | 2 | |
| Farm | 13 | |
| Town Hall | 1 | |
| Scout Tower | 13 | |
| Lumber Mill | 1 | |
| Arcane Tower | 1 | |
| Arcane Vault | 1 | |
| Keep | 4 | |
| Guard Tower | 10 | |
| Blacksmith | 1 | |
| Castle | 3 | |
| Workshop | 2 | |
53 total
» build order
00:13 Altar of Kings
00:21 Barracks
00:39 Farm
00:58 Farm
02:37 Farm
03:24 Town Hall
03:34 Scout Tower
04:19 Lumber Mill
04:28 Arcane Tower
04:42 Arcane Vault
05:06 Farm
05:07 Farm
05:07 Farm
05:08 Farm
06:15 Keep
06:15 Keep
06:15 Keep
06:17 Scout Tower
06:17 Scout Tower
06:20 Scout Tower
06:20 Scout Tower
07:20 Guard Tower
07:20 Guard Tower
07:24 Farm
07:25 Farm
07:25 Farm
07:29 Blacksmith
07:30 Guard Tower
08:03 Scout Tower
08:03 Scout Tower
08:04 Scout Tower
08:05 Scout Tower
08:05 Scout Tower
08:07 Farm
08:08 Farm
08:08 Farm
08:47 Castle
08:47 Castle
09:24 Workshop
09:26 Workshop
09:29 Barracks
09:58 Guard Tower
09:58 Guard Tower
09:58 Guard Tower
» items
| Scroll of Town Portal | 3 | |
| Scroll of Protection | 1 | |
| Scroll of Healing | 1 | |
| Staff of Sanctuary | 1 | |
| Orb of Lightning | 1 | |
| Scroll of Speed | 1 | |
8 total

»
Wert]Doof (
purple | 101 APM | 1760 actions | 17:25)
4 Mountain King
2 Storm Bolt
2 Thunder Clap
2 Paladin
1 Holy Light
1 Divine Shield
» actions
| Assign group hotkey | 31 | |
| Basic commands | 10 | |
| Build / train | 84 | |
| Enter build submenu | 32 | |
| Enter hero's abilities submenu | 6 | |
| Right click | 708 | |
| Select / deselect | 261 | |
| Select group hotkey | 508 | |
| Use ability | 120 | |
1760 total
» units
| Peasant | 20 | |
| Footman | 9 | |
| Gryphon Rider | 5 | |
| Spell Breaker | 2 | |
| Dragonhawk Rider | 3 | |
39 total
» upgrades
| Defend | 1 | |
| Masonry | 1 | |
| Lumber Harvesting | 1 | |
| Animal War Training | 1 | |
| Armor | 1 | |
| Swords | 1 | |
| Storm Hammers | 1 | |
7 total
» buildings
| Altar of Kings | 1 | |
| Barracks | 1 | |
| Farm | 14 | |
| Scout Tower | 11 | |
| Lumber Mill | 2 | |
| Arcane Tower | 3 | |
| Town Hall | 1 | |
| Arcane Vault | 3 | |
| Guard Tower | 10 | |
| Keep | 1 | |
| Castle | 2 | |
| Gryphon Aviary | 5 | |
| Blacksmith | 1 | |
| Arcane Sanctum | 1 | |
56 total
» build order
00:09 Altar of Kings
00:21 Barracks
00:36 Farm
00:54 Farm
01:35 Farm
02:05 Scout Tower
02:24 Lumber Mill
02:37 Arcane Tower
03:37 Scout Tower
03:38 Scout Tower
03:46 Town Hall
04:01 Arcane Vault
04:34 Arcane Tower
04:35 Arcane Tower
04:54 Guard Tower
06:16 Scout Tower
06:18 Scout Tower
06:24 Scout Tower
06:25 Scout Tower
06:42 Guard Tower
06:43 Guard Tower
07:10 Keep
07:12 Guard Tower
07:15 Arcane Vault
07:25 Farm
07:26 Farm
08:04 Guard Tower
08:04 Guard Tower
08:11 Farm
08:13 Farm
08:29 Scout Tower
08:30 Scout Tower
08:40 Farm
08:41 Farm
09:23 Guard Tower
09:27 Guard Tower
09:28 Guard Tower
09:33 Castle
09:33 Castle
09:39 Gryphon Aviary
09:39 Gryphon Aviary
09:40 Gryphon Aviary
10:07 Arcane Vault
10:34 Gryphon Aviary
10:38 Gryphon Aviary
11:11 Farm
11:12 Farm
11:12 Farm
11:15 Blacksmith
11:51 Scout Tower
11:51 Scout Tower
12:05 Lumber Mill
12:24 Guard Tower
12:58 Arcane Sanctum
15:49 Farm
» items
| Scroll of Regeneration | 3 | |
| Lesser Clarity Potion | 3 | |
| Boots of Speed | 1 | |
| Scroll of Town Portal | 3 | |
| Potion of Healing | 1 | |
11 total
q(o.o)p-Ez4u2nV (
red | 51 APM | 883 actions | 17:19)
3 Tauren Chieftain
1 War Stomp
2 Endurance Aura
2 Shadow Hunter
1 Healing Wave
1 Hex
» actions
| Basic commands | 100 | |
| Build / train | 60 | |
| ESC pressed | 1 | |
| Enter build submenu | 14 | |
| Enter hero's abilities submenu | 5 | |
| Give item / drop item | 3 | |
| Remove unit from queue | 2 | |
| Right click | 296 | |
| Select / deselect | 348 | |
| Use ability | 54 | |
883 total
» units
| Peon | 8 | |
| Grunt | 6 | |
| Troll Headhunter/Berserker | 7 | |
| Kodo Beast | 2 | |
| Shaman | 7 | |
| Tauren | 1 | |
| Troll Batrider | 6 | |
37 total
» upgrades
| War Drums Damage Increase | 1 | |
| Shaman Training | 2 | |
| Berserker Strength | 1 | |
4 total
» buildings
| Altar of Storms | 1 | |
| Orc Burrow | 5 | |
| Barracks | 1 | |
| War Mill | 1 | |
| Voodoo Lounge | 1 | |
| Stronghold | 1 | |
| Fortress | 1 | |
| Beastiary | 1 | |
| Spirit Lodge | 1 | |
| Watch Tower | 2 | |
| Tauren Totem | 1 | |
16 total
» build order
00:06 Altar of Storms
00:09 Orc Burrow
01:03 Barracks
01:39 Orc Burrow
02:30 War Mill
02:34 Voodoo Lounge
03:02 Stronghold
03:43 Orc Burrow
05:21 Orc Burrow
07:16 Fortress
07:50 Beastiary
07:54 Spirit Lodge
10:35 Watch Tower
10:37 Watch Tower
11:38 Tauren Totem
12:47 Orc Burrow
» items
| Circlet of Nobility | 1 | |
| Healing Salve | 2 | |
| Lesser Clarity Potion | 2 | |
| Scroll of Town Portal | 2 | |
| Potion of Mana | 1 | |
8 total

»
ss(briareos. (
orange | 80 APM | 1391 actions | 17:28)
1 Priestess of the Moon
1 Searing Arrows
» actions
| Assign group hotkey | 5 | |
| Basic commands | 5 | |
| Build / train | 36 | |
| ESC pressed | 6 | |
| Enter build submenu | 22 | |
| Enter hero's abilities submenu | 1 | |
| Right click | 902 | |
| Select / deselect | 309 | |
| Select group hotkey | 50 | |
| Use ability | 55 | |
1391 total
» units
» buildings
| Altar of Elders | 2 | |
| Moon Well | 4 | |
| Hunter's Hall | 3 | |
| Ancient of War | 2 | |
| Ancient of Wonders | 1 | |
| Tree of Ages | 1 | |
| Ancient of Wind | 1 | |
| Tree of Life | 3 | |
| Ancient Protector | 2 | |
19 total
» build order
00:11 Altar of Elders
00:20 Moon Well
01:23 Hunter's Hall
01:38 Moon Well
02:07 Ancient of War
02:11 Ancient of War
02:29 Moon Well
04:14 Ancient of Wonders
05:30 Tree of Ages
07:48 Hunter's Hall
08:27 Ancient of Wind
09:16 Tree of Life
09:57 Tree of Life
10:05 Ancient Protector
10:08 Ancient Protector
11:55 Altar of Elders
11:57 Moon Well
13:00 Hunter's Hall
15:20 Tree of Life
» items
Chat log
(00:13 / All) iMlCRO: sup d00f
(00:13 / Allies) THE_MOoN_DRAGON: bm grunts
(00:19 / All) Wert]Doof: sup man
(00:28 / Allies) FatalError8: ty
(00:30 / All) iMlCRO: just gave my UD 100 gold
(00:34 / Allies) THE_MOoN_DRAGON: u guys wanna rush?
(00:39 / All) Wert]Doof: we dont have one
(00:41 / Allies) THE_MOoN_DRAGON: all get mass units
(00:44 / Allies) THE_MOoN_DRAGON: and hit at same place
(00:45 / All) iMlCRO: THAT MEANS WE WIN
(00:50 / All) Wert]Doof: pretty much
(00:51 / All) Wert]Doof: rofl
(01:19 / All) iMlCRO: im at that phase where
(01:21 / All) iMlCRO: if i win thats great
(01:25 / All) iMlCRO: but if i lose idc cuz it lowers my search time
(01:27 / All) iMlCRO: lol
(01:32 / All) Wert]Doof: ya im not expecting much
(02:12 / Allies) iMlCRO: ill be harrassing all game!
(02:15 / Allies) iMlCRO: clear me an expo
(02:33 / Allies) iMlCRO: kill him
(02:35 / Allies) iMlCRO: TEAL
(02:42 / Allies) THE_MOoN_DRAGON: dont waste mana
(02:43 / Allies) THE_MOoN_DRAGON: on him
(02:44 / Allies) THE_MOoN_DRAGON: plz
(02:47 / Allies) iMlCRO: doesnt fucking matter
(02:49 / Allies) iMlCRO: i got wells nigga
(03:30 / Allies) iMlCRO: GETTIN MANA
(04:01 / Allies) iMlCRO: k lets go
(04:40 / Allies) iMlCRO: dust
(04:45 / Allies) THE_MOoN_DRAGON: i get
(04:46 / Allies) iMlCRO: k
(04:51 / Allies) THE_MOoN_DRAGON: i need boots
(04:53 / Allies) THE_MOoN_DRAGON: neway
(06:29 / All) iMlCRO: dude wheres your teammates lol
(06:34 / All) ss(briareos.: they dont like me
(06:36 / All) iMlCRO: ah ok
(06:42 / Allies) iMlCRO: b
(07:01 / Allies) THE_MOoN_DRAGON: b
(07:45 / Allies) iMlCRO: k i can go back lol
(07:56 / Allies) FatalError8: ty
(07:58 / Allies) iMlCRO: gotta grab a tp
(08:07 / Allies) THE_MOoN_DRAGON: i hacve sho^p
(08:07 / Allies) iMlCRO: yea i know lol
(08:25 / Allies) THE_MOoN_DRAGON: hit
(08:27 / Allies) iMlCRO: im basically 50 food hunt feeding
(08:28 / Allies) iMlCRO: btw
(08:38 / Allies) iMlCRO: unles u guys want me to tech
(08:43 / Allies) iMlCRO: hall
(08:50 / Allies) iMlCRO: hall
(08:52 / Allies) iMlCRO: hall
(08:53 / Allies) iMlCRO: hall
(09:04 / Allies) iMlCRO: im halling
(09:24 / Allies) iMlCRO: hit tpo
(09:29 / Allies) iMlCRO: im out teal
(09:57 / Allies) iMlCRO: back up
(09:58 / Allies) iMlCRO: lets hit again
(10:06 / Allies) iMlCRO: use that gold yellow lol
(10:46 / Allies) THE_MOoN_DRAGON: gold
(10:47 / Allies) THE_MOoN_DRAGON: plz
(11:10 / Allies) THE_MOoN_DRAGON: gold
(11:11 / Allies) THE_MOoN_DRAGON: pink
(11:19 / Allies) THE_MOoN_DRAGON: ty
(11:37 / Allies) iMlCRO: where can i expo
(11:41 / Allies) telasponcho227: yellow
(11:45 / Allies) telasponcho227: comeback
(12:13 / Allies) iMlCRO: make sure they dont take mid expo
(12:28 / Allies) FatalError8: b
(12:44 / Allies) THE_MOoN_DRAGON: gold
(12:45 / Allies) THE_MOoN_DRAGON: plz
(12:48 / Allies) THE_MOoN_DRAGON: im gonna mass tauren
(12:50 / Allies) THE_MOoN_DRAGON: and lust
(13:05 / Allies) iMlCRO: b
(13:10 / Allies) iMlCRO: b
(13:10 / Allies) iMlCRO: b
(13:10 / Allies) iMlCRO: b
(13:10 / Allies) THE_MOoN_DRAGON: all
(13:13 / Allies) THE_MOoN_DRAGON: top
(13:15 / Allies) THE_MOoN_DRAGON: u go hit
(13:16 / Allies) THE_MOoN_DRAGON: plz
(13:38 / All) iMlCRO: god the fuckin russian army chasing me
(14:30 / Allies) THE_MOoN_DRAGON: need serious AA
(14:47 / All) iMlCRO: CMON MAN
(15:12 / Allies) THE_MOoN_DRAGON: regroup plz
(15:12 / Allies) iMlCRO: lost all?
(15:24 / Allies) iMlCRO: i need a tp
(15:42 / All) iMlCRO: nigga u runnin from hunts lol
(15:53 / All) Wert]Doof: u got friends close by!
(15:55 / All) iMlCRO: :D
(16:23 / Allies) iMlCRO: wyrms on toewrs
(16:31 / Allies) iMlCRO: gogooggo
(16:47 / All) iMlCRO: we better win
(17:20 / All) iMlCRO: gg
(17:23 / All) Wert]Doof: damn ud
(17:43 / All) HungLikeAChamp: i dont understand why we lost this